[Event "8th RTU Open 2018"]
[Site "Riga"]
[Date "2018.08.09"]
[Round "6"]
[White "Priyanka, Nutakki"]
[Black "Lapshun, Yury"]
[Result "1/2-1/2"]
[ECO "B02"]
[WhiteElo "2212"]
[BlackElo "2403"]
[Annotator "NA"]
[PlyCount "199"]
[EventDate "2018.08.06"]
[EventType "swiss"]
[EventCountry "LAT"]
[SourceTitle "playchess.com"]
[Source "ChessBase"]
[SourceQuality "1"]
[TimeControl "5400+30"]

1. e4 Nf6 2. e5 Nd5 3. c4 Nb6 4. c5 Nd5 5. Nc3 c6 6. Nxd5 cxd5 7. d4 b6 8. cxb6 Qxb6 9. Nf3 e6 10. Be2 Nc6 11. O-O Be7 12. Rb1 a5 13. Be3 O-O 14. h4 Ba6 15. Bxa6 Qxa6 16. h5 h6 17. Nh2 f5 18. exf6 Bxf6 19. Ng4 Ne7 20. Nxf6+ Rxf6 21. g4 d6 22. Rc1 Qb7 23. Qc2 Rc8 24. Qb3 Qxb3 25. Rxc8+ Nxc8 26. axb3 Na7 27. Ra1 Nc6 28. Rc1 Nb4 29. Rc7 Rf7 30. Rc8+ Rf8 31. Rc7 e5 32. Kg2 Rf7 33. Rc8+ Kh7 34. Kg3 Nd3 35. Ra8 exd4 36. Bxd4 Nc1 37. Be3 Nxb3 38. Rb8 a4 39. Rb4 Re7 40. Kf3 Rf7+ 41. Kg3 Nc5 42. Rd4 Ne4+ 43. Kg2 Nf6 44. Rxa4 Rb7 45. Kf3 Rxb2 46. Ra6 Rb4 47. Rxd6 Nxg4 48. Rxd5 Nf6 49. Ra5 Rh4 50. Kg3 Rxh5 51. Rxh5 Nxh5+ 52. Kg2 Kg6 53. Kf3 Kf5 54. Bd2 Nf6 55. Be3 Ng4 56. Ba7 Ne5+ 57. Kg3 Ke4 58. Be3 Kf5 59. Bd4 g6 60. Be3 h5 61. Kh4 Nf3+ 62. Kg3 Ke4 63. Bb6 g5 64. Bd8 g4 65. Bb6 Kf5 66. Bd8 Ke5 67. Bb6 Kf5 68. Bd8 Nd2 69. Kh4 Kg6 70. Kg3 Ne4+ 71. Kg2 Nd2 72. Kg3 Nf3 73. Kf4 Nd4 74. Kg3 Kf5 75. Kh4 Ne6 76. Bb6 Kg6 77. Kg3 Ng5 78. Bd8 Nf3 79. Bb6 Kf5 80. Bd8 Ke4 81. Bb6 Kd3 82. Bc5 Ke2 83. Bb6 Kf1 84. Bd8 Kg1 85. Bb6 Kf1 86. Bd8 Ke2 87. Bc7 Kd3 88. Bb6 Ke4 89. Bc7 Kf5 90. Bd8 Nd4 91. Kh4 Kg6 92. Kg3 Kh6 93. Kg2 Nf5 94. f3 g3 95. Kh3 Kg6 96. Bc7 h4 97. Bd8 Kh5 98. Bxh4 Nxh4 99. Kxg3 Nxf3 100. Kxf3 1/2-1/2

[Event "8th RTU Open 2018"]
[Site "Riga"]
[Date "2018.08.09"]
[Round "6"]
[White "Kukk, Sander"]
[Black "Miedema, David"]
[Result "1/2-1/2"]
[ECO "A01"]
[WhiteElo "2194"]
[BlackElo "2397"]
[Annotator "NA"]
[PlyCount "109"]
[EventDate "2018.08.06"]
[EventType "swiss"]
[EventCountry "LAT"]
[SourceTitle "playchess.com"]
[Source "ChessBase"]
[SourceQuality "1"]
[TimeControl "5400+30"]

1. b3 d5 2. Bb2 Bg4 3. Nf3 Nd7 4. e3 c6 5. Be2 e6 6. h3 Bh5 7. d3 f5 8. Nbd2 Ngf6 9. O-O Bd6 10. e4 fxe4 11. dxe4 Bxf3 12. Bxf3 O-O 13. Re1 Qc7 14. Qe2 Be5 15. Bxe5 Nxe5 16. exd5 Nxf3+ 17. Nxf3 exd5 18. c4 Rae8 19. Qd3 Qf4 20. cxd5 Nxd5 21. Qd4 Qxd4 22. Nxd4 Kf7 23. g3 Re7 24. Nf5 Rxe1+ 25. Rxe1 Rd8 26. Kg2 a5 27. g4 Nf4+ 28. Kg3 Ne6 29. Re3 b5 30. f4 Rd1 31. Rc3 c5 32. Ne3 Rd4 33. f5 Ng5 34. Rc2 Ke7 35. h4 Ne4+ 36. Kf3 a4 37. bxa4 Rxa4 38. g5 Kd6 39. Nc4+ bxc4 40. Kxe4 c3+ 41. Kd3 Rxh4 42. Rf2 Rh3+ 43. Kc2 Ke7 44. f6+ Kf7 45. fxg7+ Kxg7 46. Rf5 Rh2+ 47. Kxc3 Rxa2 48. Rxc5 Re2 49. Kd3 Re6 50. Rd5 Kg6 51. Kd2 Re7 52. Kd3 Kh5 53. Kd2 Kg4 54. Kd3 Kf4 55. Ra5 {[%emt 0:00:21] Ke5 Ke4+} 1/2-1/2

[Event "8th RTU Open 2018"]
[Site "Riga"]
[Date "2018.08.09"]
[Round "6"]
[White "Player, Edmund C"]
[Black "Hansen, Mads"]
[Result "0-1"]
[ECO "C50"]
[WhiteElo "2194"]
[BlackElo "2387"]
[Annotator "NA"]
[PlyCount "70"]
[EventDate "2018.08.06"]
[EventType "swiss"]
[EventCountry "LAT"]
[SourceTitle "playchess.com"]
[Source "ChessBase"]
[SourceQuality "1"]
[TimeControl "5400+30"]

1. e4 e5 2. Nf3 Nc6 3. Bc4 d6 4. d3 h6 5. c3 Nf6 6. a4 g6 7. O-O Bg7 8. Re1 O-O 9. Nbd2 Re8 10. a5 Be6 11. Bb5 a6 12. Ba4 Nh5 13. d4 exd4 14. Nxd4 Bd7 15. Nxc6 bxc6 16. Nf3 Nf6 17. Qd3 d5 18. e5 Ne4 19. Be3 Bxe5 20. Nxe5 Rxe5 21. f3 Nd6 22. Qd4 Nc4 23. b3 Rxe3 24. Rxe3 Nxe3 25. Qxe3 Qh4 26. Qd4 Qe7 27. Qf2 Re8 28. Kf1 Qe5 29. Re1 Qxc3 30. Rxe8+ Bxe8 31. Qe2 Bd7 32. Qxa6 d4 33. Qc4 Qd2 34. a6 Bf5 35. h3 Bd3+ 0-1

[Event "8th RTU Open 2018"]
[Site "Riga"]
[Date "2018.08.09"]
[Round "6"]
[White "Huber, Philipp"]
[Black "Nikitenko, Mihail"]
[Result "1/2-1/2"]
[ECO "D00"]
[WhiteElo "2189"]
[BlackElo "2374"]
[Annotator "NA"]
[PlyCount "111"]
[EventDate "2018.08.06"]
[EventType "swiss"]
[EventCountry "LAT"]
[SourceTitle "playchess.com"]
[Source "ChessBase"]
[SourceQuality "1"]
[TimeControl "5400+30"]

1. d4 d5 2. Bg5 Nf6 3. Bxf6 exf6 4. e3 Bd6 5. Bd3 f5 6. Ne2 g6 7. c4 dxc4 8. Bxc4 Nd7 9. Nbc3 c6 10. h4 Nf6 11. Nf4 b5 12. Be2 Bxf4 13. exf4 O-O 14. O-O Be6 15. Bf3 Qd6 16. Qc1 Rac8 17. Rd1 Rfd8 18. g3 Re8 19. Qc2 a5 20. Rac1 Qb8 21. Qd3 Bc4 22. Qc2 Red8 23. b3 Be6 24. Qe2 Qb7 25. Qe5 Nd5 26. h5 Re8 27. h6 f6 28. Qd6 Rcd8 29. Qc5 Rc8 30. Re1 Nb4 31. Re3 Kf7 32. a3 Nd5 33. Rxe6 Kxe6 34. Nxd5 cxd5 35. Bxd5+ Qxd5 36. Re1+ Qe4 37. Rxe4+ fxe4 38. Qxb5 Red8 39. Qxa5 Rc1+ 40. Kg2 Rxd4 41. Qb6+ Rd6 42. Qe3 Rdd1 43. Qxe4+ Kf7 44. Qb7+ Ke6 45. Qxh7 Rg1+ 46. Kf3 Rc3+ 47. Ke2 Rc2+ 48. Kd3 Rxf2 49. Qxg6 Rf3+ 50. Kc4 Rgxg3 51. Qe8+ Kf5 52. Qd7+ Kg6 53. Qg7+ Kf5 54. Qd7+ Kg6 55. Qg7+ Kf5 56. Qd7+ {[%emt 0:01:27] Ke5} 1/2-1/2

[Event "8th RTU Open 2018"]
[Site "Riga"]
[Date "2018.08.09"]
[Round "6"]
[White "Smirnova, Ekaterina"]
[Black "Hedman, Erik"]
[Result "1/2-1/2"]
[ECO "A67"]
[WhiteElo "2165"]
[BlackElo "2370"]
[Annotator "NA"]
[PlyCount "79"]
[EventDate "2018.08.06"]
[EventType "swiss"]
[EventCountry "LAT"]
[SourceTitle "playchess.com"]
[Source "ChessBase"]
[SourceQuality "1"]
[TimeControl "5400+30"]

1. d4 Nf6 2. c4 c5 3. d5 e6 4. Nc3 exd5 5. cxd5 d6 6. e4 g6 7. f4 Bg7 8. Bb5+ Nfd7 9. Nf3 a6 10. Bd3 b5 11. O-O O-O 12. Kh1 Re8 13. a3 Ra7 14. f5 Ne5 15. Bg5 Bf6 16. Bxf6 Qxf6 17. Nxe5 Qxe5 18. Qd2 Nd7 19. Rf3 Nf6 20. Raf1 Rf8 21. Qf2 Kg7 22. h3 h6 23. fxg6 fxg6 24. a4 bxa4 25. Nxa4 Bd7 26. Nc3 Bb5 27. Bxb5 axb5 28. Qc2 Raf7 29. Nxb5 Qxe4 30. Qd2 Qxd5 31. Qxd5 Nxd5 32. Nxd6 Rxf3 33. Rxf3 Rxf3 34. gxf3 Kf6 35. Ne4+ Ke5 36. Nxc5 Kf4 37. Nd3+ Kxf3 38. Ne5+ Kg3 39. Nxg6 Kxh3 40. b3 1/2-1/2

[Event "8th RTU Open 2018"]
[Site "Riga"]
[Date "2018.08.09"]
[Round "6"]
[White "Osis, Renars"]
[Black "Dedebas, Emre Emin"]
[Result "0-1"]
[ECO "A46"]
[WhiteElo "2157"]
[BlackElo "2353"]
[Annotator "NA"]
[PlyCount "76"]
[EventDate "2018.08.06"]
[EventType "swiss"]
[EventCountry "LAT"]
[SourceTitle "playchess.com"]
[Source "ChessBase"]
[SourceQuality "1"]
[TimeControl "5400+30"]

1. d4 Nf6 2. Nf3 e6 3. Bf4 d5 4. e3 Bd6 5. Bd3 O-O 6. Nbd2 Bxf4 7. exf4 b6 8. c3 c5 9. Qe2 Nc6 10. Ne5 Bb7 11. Ndf3 cxd4 12. Nxc6 Bxc6 13. Nxd4 Bb7 14. O-O-O Qc7 15. Qe3 a6 16. Rhe1 Rfe8 17. Kb1 Rac8 18. h3 b5 19. Qe5 Qb6 20. a3 Ne4 21. Qh5 g6 22. Qh6 Qc5 23. Re3 Nxf2 24. Rf1 Ne4 25. f5 Qf8 26. Qxf8+ Rxf8 27. fxe6 Nd2+ 28. Ka2 Nxf1 29. Bxf1 fxe6 30. Be2 Rce8 31. Rxe6 Rxe6 32. Nxe6 Rf2 33. Bf3 Kf7 34. Nc5 Bc8 35. a4 Ke7 36. axb5 axb5 37. Ka3 Bxh3 38. Bxd5 Bxg2 0-1

[Event "8th RTU Open 2018"]
[Site "Riga"]
[Date "2018.08.11"]
[Round "8"]
[White "Praggnanandhaa, R."]
[Black "Kjartansson, Gudmundur"]
[Result "0-1"]
[ECO "B18"]
[WhiteElo "2532"]
[BlackElo "2434"]
[Annotator "ChessBase"]
[PlyCount "164"]
[EventDate "2018.08.06"]
[EventType "swiss"]
[EventCountry "LAT"]
[SourceTitle "playchess.com"]
[Source "ChessBase"]
[SourceQuality "1"]
[TimeControl "5400+30"]

1. e4 c6 2. d4 d5 3. Nd2 dxe4 4. Nxe4 Bf5 5. Qf3 e6 6. c3 Nf6 7. Ng3 Bg6 8. Nh3 Nd5 9. Bc4 Nd7 10. Nf4 Nxf4 11. Bxf4 Nb6 12. Bb3 Nd5 13. Be5 f6 14. Bf4 Bd6 15. Bd2 b5 16. a4 a6 17. Qe2 Kf7 18. O-O Bxg3 19. fxg3 h5 20. h3 Qd6 21. Bf4 Qd7 22. g4 hxg4 23. Qxg4 Bd3 24. Rf2 f5 25. Be5 Nf6 26. Rxf5 Bxf5 27. Qxf5 bxa4 28. Bc4 c5 29. Rf1 Rh6 30. dxc5 Re8 31. Qf3 Kg8 32. c6 Qe7 33. c7 Qc5+ 34. Kh1 Qxc4 35. Rd1 Nd5 36. Qg3 Re7 37. Rd4 Qc6 38. Qg5 Rxc7 39. Bxg7 Rxg7 40. Qxh6 Qe8 41. c4 Nc7 42. Rh4 Qg6 43. Qh8+ Kf7 44. Rf4+ Ke7 45. Qf8+ Kd7 46. Rd4+ Kc6 47. Qf3+ Kc5 48. Rd2 Qg3 49. Qf8+ Kc6 50. Qb4 Rf7 51. Qxa4+ Kb7 52. Qd1 Rf2 53. Rxf2 Qxf2 54. b4 Kc8 55. b5 axb5 56. cxb5 Nxb5 57. Qd3 Nd4 58. Qe4 Kd7 59. Qb7+ Kd6 60. Qb8+ Kd5 61. Qd8+ Ke4 62. Qa8+ Ke3 63. Qa3+ Ke4 64. Qa8+ Ke3 65. Qa3+ Kf4 66. Qf8+ Nf5 67. Qb4+ Qd4 68. Qb3 Qe3 69. Qb4+ Qd4 70. Qb3 e5 71. Kh2 e4 72. g3+ Ke5 73. Qb5+ Qd5 74. Qb2+ Ke6 75. Qb6+ Qd6 76. Qb3+ Kf6 77. h4 e3 78. Qb2+ Kg6 79. Qg2 Qd2 80. Kh3 Qxg2+ 81. Kxg2 e2 82. Kf2 Nxg3 0-1

[Event "8th RTU Open 2018"]
[Site "Riga"]
[Date "2018.08.11"]
[Round "8"]
[White "Dragnev, Valentin"]
[Black "Korchmar, Vasiliy"]
[Result "0-1"]
[ECO "D38"]
[WhiteElo "2509"]
[BlackElo "2415"]
[Annotator "ChessBase"]
[PlyCount "100"]
[EventDate "2018.08.06"]
[EventType "swiss"]
[EventCountry "LAT"]
[SourceTitle "playchess.com"]
[Source "ChessBase"]
[SourceQuality "1"]
[TimeControl "5400+30"]

1. d4 Nf6 2. c4 e6 3. Nf3 d5 4. Nc3 Bb4 5. Bd2 O-O 6. e3 b6 7. cxd5 exd5 8. Rc1 Re8 9. Bd3 Ba6 10. Bxa6 Nxa6 11. Qa4 Qc8 12. O-O Bf8 13. a3 c5 14. dxc5 bxc5 15. b3 Qb7 16. Rfd1 Nc7 17. Ne2 Re4 18. Qa5 Re6 19. Qc3 Ra6 20. Ra1 Rb6 21. Nc1 a5 22. a4 Ne4 23. Qd3 Be7 24. Be1 Bf6 25. Ra2 h6 26. Rc2 Rd6 27. Ne2 c4 28. bxc4 dxc4 29. Qxd6 Nxd6 30. Rxd6 Qb3 31. Ned4 Qxa4 32. Rc6 Nd5 33. R2xc4 Nb4 34. g3 Qa1 35. Rc1 Qb2 36. R6c3 Nd3 37. R1c2 Qb1 38. Rb3 Qa1 39. Rxd3 a4 40. Kg2 a3 41. Bc3 Qb1 42. Nd2 Qb7+ 43. Kg1 Qa6 44. Nb5 Qxb5 45. Rd6 Bxc3 46. Rxc3 a2 47. Nb3 a1=Q+ 48. Nxa1 Rxa1+ 49. Kg2 Qf1+ 50. Kf3 Ra2 0-1

[Event "8th RTU Open 2018"]
[Site "Riga"]
[Date "2018.08.11"]
[Round "8"]
[White "Pultinevicius, Paulius"]
[Black "Petrosyan, Manuel"]
[Result "0-1"]
[ECO "E12"]
[WhiteElo "2452"]
[BlackElo "2567"]
[Annotator "ChessBase"]
[PlyCount "68"]
[EventDate "2018.08.06"]
[EventType "swiss"]
[EventCountry "LAT"]
[SourceTitle "playchess.com"]
[Source "ChessBase"]
[SourceQuality "1"]
[TimeControl "5400+30"]

1. d4 Nf6 2. c4 e6 3. Nf3 b6 4. a3 Bb7 5. Nc3 d5 6. cxd5 Nxd5 7. e3 Nd7 8. Bd3 c5 9. e4 Nxc3 10. bxc3 Qc7 11. O-O Be7 12. Qe2 O-O 13. Bb2 Rac8 14. Nd2 Rfd8 15. a4 Ne5 16. Bb5 cxd4 17. cxd4 Qc2 18. Rab1 Bb4 19. d5 Ng6 20. Bc1 Bc3 21. dxe6 Bxd2 22. exf7+ Kxf7 23. Qf3+ Kg8 24. Rb2 Qxc1 25. Qb3+ Kh8 26. Rxc1 Rxc1+ 27. Bf1 Ba6 28. Rb1 Rdc8 29. Qb2 Rxb1 30. Qxb1 Rc1 31. Qxc1 Bxc1 32. Bxa6 Kg8 33. g3 Ne5 34. Bb5 g5 0-1

[Event "8th RTU Open 2018"]
[Site "Riga"]
[Date "2018.08.11"]
[Round "8"]
[White "Duzhakov, Ilya"]
[Black "Quillan, Gary"]
[Result "0-1"]
[ECO "A61"]
[WhiteElo "2441"]
[BlackElo "2349"]
[Annotator "NA"]
[PlyCount "80"]
[EventDate "2018.08.06"]
[EventType "swiss"]
[EventCountry "LAT"]
[SourceTitle "playchess.com"]
[Source "ChessBase"]
[SourceQuality "1"]
[TimeControl "5400+30"]

1. d4 e6 2. c4 Nf6 3. Nf3 c5 4. d5 exd5 5. cxd5 d6 6. Nc3 g6 7. Bf4 a6 8. a4 Bg7 9. h3 O-O 10. e3 Re8 11. Nd2 Nbd7 12. Be2 Ne5 13. O-O Nfd7 14. Bg3 f5 15. Re1 b6 16. Qb3 Rb8 17. e4 Qg5 18. exf5 Qxd2 19. Ne4 Qb4 20. Qxb4 cxb4 21. Nxd6 Rf8 22. fxg6 hxg6 23. Rac1 Nc5 24. Nc4 Nxc4 25. Bxc4 Rb7 26. d6+ Kh8 27. Bd5 Rd7 28. Rc4 g5 29. Bc6 Rdf7 30. Re7 a5 31. b3 Bf6 32. Re3 Bb7 33. Be8 Rg7 34. Rxc5 bxc5 35. d7 Bd8 36. Be5 Kg8 37. Rd3 Re7 38. Bd6 Re1+ 39. Kh2 Rxf2 40. Rg3 Ree2 0-1

[Event "8th RTU Open 2018"]
[Site "Riga"]
[Date "2018.08.11"]
[Round "8"]
[White "Fenil, Shah"]
[Black "Dhulipalla, Bala Chandra Prasad"]
[Result "0-1"]
[ECO "A06"]
[WhiteElo "2412"]
[BlackElo "2333"]
[Annotator "NA"]
[PlyCount "220"]
[EventDate "2018.08.06"]
[EventType "swiss"]
[EventCountry "LAT"]
[SourceTitle "playchess.com"]
[Source "ChessBase"]
[SourceQuality "1"]
[TimeControl "5400+30"]

1. Nf3 d5 2. g3 Bg4 3. Bg2 Nd7 4. h3 Bh5 5. c4 e6 6. O-O c6 7. cxd5 exd5 8. d4 Bd6 9. Nc3 Bxf3 10. Bxf3 Ngf6 11. Rb1 a5 12. a3 O-O 13. b4 Qe7 14. bxa5 Rfb8 15. Bd2 Bxa3 16. Re1 Bb4 17. e4 dxe4 18. Nxe4 Bxd2 19. Nxd2 Qd8 20. Nc4 Nd5 21. Rb3 b5 22. axb6 N5xb6 23. Qc2 Nd5 24. Nd6 Rxb3 25. Qxb3 N7f6 26. Qb7 Qf8 27. Qxc6 Rd8 28. Nf5 Qb4 29. Qc1 g6 30. Bxd5 Nxd5 31. Rf1 Qb6 32. Rd1 gxf5 33. Qg5+ Kh8 34. Qxf5 Qe6 35. Qg5 Rg8 36. Qe5+ Qxe5 37. dxe5 Rd8 38. Rd4 Rd7 39. Kg2 Nf6 40. Rc4 Nd5 41. Rd4 Nf6 42. Rc4 Ng8 43. Rc6 Ne7 44. Ra6 Rc7 45. Ra5 Kg7 46. g4 Rc4 47. f3 Ng6 48. Kg3 Rc3 49. h4 Re3 50. h5 Rxe5 51. Ra6 Nf8 52. h6+ Kg8 53. Ra8 Rd5 54. Rb8 f6 55. f4 Kf7 56. f5 Nd7 57. Ra8 Rd3+ 58. Kh4 Rd1 59. Rd8 Rd2 60. g5 fxg5+ 61. Kxg5 Rg2+ 62. Kf4 Nf6 63. Ra8 Rf2+ 64. Kg5 Rg2+ 65. Kf4 Rf2+ 66. Kg5 Ng8 67. Ra6 Rg2+ 68. Kf4 Rg1 69. Rd6 Ne7 70. Rd7 Rf1+ 71. Kg4 Rg1+ 72. Kf4 Ra1 73. Rb7 Ra6 74. Kg5 Rd6 75. Ra7 Rf6 76. Ra5 Rc6 77. Ra7 Rc5 78. Kg4 Kf6 79. Ra6+ Rc6 80. Ra8 Kf7 81. Kg5 Rc5 82. Kg4 Rxf5 83. Ra7 Re5 84. Kf4 Kf6 85. Ra8 Rf5+ 86. Kg4 Rg5+ 87. Kf4 Ng6+ 88. Ke4 Rh5 89. Kf3 Rxh6 90. Ra6+ Kf5 91. Kg3 Rh1 92. Ra5+ Ne5 93. Ra8 Rd1 94. Rf8+ Kg5 95. Rg8+ Ng6 96. Ra8 Rd3+ 97. Kf2 h5 98. Ra4 h4 99. Rb4 Nf4 100. Rb8 Nh3+ 101. Kg2 Kg4 102. Kh2 Rd2+ 103. Kh1 Ng5 104. Rb1 h3 105. Rg1+ Kh4 106. Rf1 Kg3 107. Rg1+ Rg2 108. Rf1 Rh2+ 109. Kg1 Re2 110. Kh1 Nf3 0-1

[Event "8th RTU Open 2018"]
[Site "Riga"]
[Date "2018.08.11"]
[Round "8"]
[White "Gokerkan, Cem Kaan"]
[Black "Manafov, Vugar Gulam"]
[Result "1-0"]
[ECO "B03"]
[WhiteElo "2404"]
[BlackElo "2215"]
[Annotator "NA"]
[PlyCount "45"]
[EventDate "2018.08.06"]
[EventType "swiss"]
[EventCountry "LAT"]
[SourceTitle "playchess.com"]
[Source "ChessBase"]
[SourceQuality "1"]
[TimeControl "5400+30"]

1. e4 Nf6 2. e5 Nd5 3. d4 d6 4. c4 Nb6 5. exd6 cxd6 6. Nc3 g6 7. Be3 Bg7 8. Rc1 O-O 9. b3 Bf5 10. h3 d5 11. c5 Nc8 12. Nge2 Nc6 13. g4 Be4 14. Nxe4 dxe4 15. Bg2 f5 16. gxf5 gxf5 17. d5 Nb4 18. Nf4 Be5 19. Rg1 Bxf4 20. Bf1+ Kh8 21. Bxf4 Qxd5 22. Bc4 Nd3+ 23. Qxd3 1-0

[Event "8th RTU Open 2018"]
[Site "Riga"]
[Date "2018.08.11"]
[Round "8"]
[White "Lagunow, Raphael"]
[Black "Sergienko, Sergey"]
[Result "1-0"]
[ECO "B28"]
[WhiteElo "2404"]
[BlackElo "2327"]
[Annotator "NA"]
[PlyCount "123"]
[EventDate "2018.08.06"]
[EventType "swiss"]
[EventCountry "LAT"]
[SourceTitle "playchess.com"]
[Source "ChessBase"]
[SourceQuality "1"]
[TimeControl "5400+30"]

1. e4 c5 2. Nf3 a6 3. c3 d6 4. d4 Qc7 5. h3 g6 6. Bd3 Bg7 7. O-O Nd7 8. Re1 e5 9. dxe5 Nxe5 10. Bf4 Ne7 11. a4 O-O 12. Na3 Be6 13. Bxe5 dxe5 14. Bc4 Rad8 15. Qb3 Bc8 16. Rad1 Nc6 17. Bd5 Bf6 18. Nc4 Rfe8 19. Bxc6 bxc6 20. Qa3 Qe7 21. Na5 Rxd1 22. Rxd1 Rd8 23. Rxd8+ Qxd8 24. Qxc5 Qd1+ 25. Kh2 Qc1 26. Qe3 Qxb2 27. Nxc6 Qa3 28. a5 Qd6 29. Qb6 Kg7 30. c4 Qd3 31. Nfxe5 Qxe4 32. Qe3 Qxe3 33. fxe3 Bg5 34. e4 Kf6 35. Nd3 Ke6 36. e5 Be3 37. Kg3 Kd7 38. Ncb4 Bb7 39. Nd5 Bd2 40. Nc5+ Kc6 41. Nb3 Bg5 42. Kf3 Bd8 43. Ke4 Bc8 44. Kd4 h5 45. Nb4+ Kd7 46. c5 f6 47. c6+ Ke8 48. Nd5 fxe5+ 49. Kxe5 Bh4 50. Nb6 Bf5 51. Nd4 Bg3+ 52. Kd5 Bb1 53. Ne6 Ba2+ 54. Nc4 Be1 55. Nc7+ Kd8 56. Nxa6 Bxa5 57. Kc5 Bc7 58. Nxc7 Kxc7 59. Nd6 Be6 60. Nb5+ Kc8 61. Kd6 Bf5 62. Nc3 1-0

[Event "8th RTU Open 2018"]
[Site "Riga"]
[Date "2018.08.11"]
[Round "8"]
[White "Lapshun, Yury"]
[Black "Vaishali R"]
[Result "0-1"]
[ECO "A20"]
[WhiteElo "2403"]
[BlackElo "2294"]
[Annotator "NA"]
[PlyCount "150"]
[EventDate "2018.08.06"]
[EventType "swiss"]
[EventCountry "LAT"]
[SourceTitle "playchess.com"]
[Source "ChessBase"]
[SourceQuality "1"]
[TimeControl "5400+30"]

1. c4 e5 2. g3 Nf6 3. Bg2 c6 4. Nf3 e4 5. Nd4 Qb6 6. e3 d5 7. d3 Bg4 8. Qc2 Na6 9. dxe4 Nb4 10. Qb3 dxe4 11. Nc3 c5 12. Nc2 Nd3+ 13. Kf1 Bf3 14. Bxf3 exf3 15. Nd5 Nxd5 16. Qxd3 Nf6 17. Qf5 Qe6 18. Qxe6+ fxe6 19. Ne1 e5 20. Nxf3 e4 21. Nd2 O-O-O 22. Ke2 Bd6 23. Rb1 Rd7 24. Rd1 Be5 25. f4 exf3+ 26. Nxf3 Re7 27. b4 cxb4 28. Rxb4 Rhe8 29. Rd3 Ne4 30. Bb2 Bxb2 31. Rxb2 Nc5 32. Ra3 Re4 33. Rc2 a6 34. Rc1 h6 35. Nd2 R4e6 36. Rd1 Rb6 37. Ra5 Rc6 38. Nf3 Ne4 39. Rc1 Rf6 40. Re5 Rxe5 41. Nxe5 Rf2+ 42. Kd3 Nc5+ 43. Kd4 b6 44. Rb1 Rd2+ 45. Kc3 Ne4+ 46. Kb4 Rxh2 47. Rf1 Kc7 48. a4 Rb2+ 49. Ka3 Re2 50. Rf7+ Kd6 51. Nd7 Rxe3+ 52. Kb4 Nc5 53. Nxb6 Rxg3 54. Nc8+ Ke6 55. Re7+ Kf6 56. Kxc5 h5 57. Re8 h4 58. Nd6 Rg1 59. Kb6 g5 60. Rh8 Kg7 61. Re8 h3 62. Re2 g4 63. c5 Rg2 64. Re1 h2 65. Rh1 Kg6 66. c6 g3 67. Ne4 Rb2+ 68. Kxa6 g2 69. Rxh2 Rb6+ 70. Kxb6 g1=Q+ 71. Nc5 Qxh2 72. c7 Qd6+ 73. Kb7 Qxc5 74. c8=Q Qb4+ 75. Ka7 Qxa4+ 0-1

[Event "8th RTU Open 2018"]
[Site "Riga"]
[Date "2018.08.11"]
[Round "8"]
[White "Pershin, Denis"]
[Black "Pogan, Nikolas"]
[Result "1-0"]
[ECO "A45"]
[WhiteElo "2403"]
[BlackElo "2255"]
[Annotator "NA"]
[PlyCount "147"]
[EventDate "2018.08.06"]
[EventType "swiss"]
[EventCountry "LAT"]
[SourceTitle "playchess.com"]
[Source "ChessBase"]
[SourceQuality "1"]
[TimeControl "5400+30"]

1. d4 Nf6 2. Nc3 d5 3. Bf4 c6 4. e3 Bf5 5. f3 Nbd7 6. g4 Bg6 7. h4 h5 8. g5 Ng8 9. Bd3 Bxd3 10. Qxd3 g6 11. e4 e6 12. O-O-O Ne7 13. Bd6 Nc8 14. Bxf8 Kxf8 15. f4 Nd6 16. Nf3 Qa5 17. Kb1 Nb6 18. Ne5 Rd8 19. Rhf1 dxe4 20. Nxe4 Nxe4 21. Qxe4 Nc8 22. Nc4 Qd5 23. Qe5 Qxe5 24. fxe5 Kg7 25. Rf4 Rhf8 26. Rdf1 Rd7 27. c3 b5 28. Na5 Ne7 29. Nb3 Nf5 30. Nc5 Rd5 31. b4 Ra8 32. Nb7 Rd7 33. Na5 Rc8 34. R1f3 Kf8 35. Kb2 a6 36. Nb3 Kg7 37. a4 Ra7 38. Kc2 Rcc7 39. Kd2 Kf8 40. Ke2 Ke8 41. Kf2 Ra8 42. Kg1 Raa7 43. Kh2 Ra8 44. Kh3 Raa7 45. Rf1 Ne3 46. Ra1 Nd5 47. Rf3 Nb6 48. Nc5 Nxa4 49. Nxa4 bxa4 50. Rxa4 Kd8 51. Kg3 Kc8 52. Kf4 Kb7 53. Ke4 Rd7 54. Kd3 Kb6 55. Kc4 Rd5 56. Rf1 Rdd7 57. Ra5 Rd8 58. Rfa1 Rdd7 59. Kd3 Kb7 60. Ke4 Ra8 61. Ke3 Rd5 62. c4 Rxa5 63. bxa5 Kc7 64. Rf1 Rf8 65. Kd3 Kd7 66. Rb1 Kc7 67. Kc3 Rd8 68. Rb6 c5 69. dxc5 Rd1 70. Rxa6 Rf1 71. Ra7+ Kc6 72. a6 Kxc5 73. Rc7+ Kb6 74. a7 1-0

[Event "8th RTU Open 2018"]
[Site "Riga"]
[Date "2018.08.11"]
[Round "8"]
[White "Martin, Julian"]
[Black "Laurusas, Tomas"]
[Result "0-1"]
[ECO "B80"]
[WhiteElo "2392"]
[BlackElo "2463"]
[Annotator "ChessBase"]
[PlyCount "88"]
[EventDate "2018.08.06"]
[EventType "swiss"]
[EventCountry "LAT"]
[SourceTitle "playchess.com"]
[Source "ChessBase"]
[SourceQuality "1"]
[TimeControl "5400+30"]

1. e4 c5 2. Nf3 e6 3. d4 cxd4 4. Nxd4 Nf6 5. Nc3 d6 6. g3 Bd7 7. Bg2 Nc6 8. Ndb5 Qb8 9. O-O a6 10. Nd4 Be7 11. Nxc6 Bxc6 12. a4 b5 13. axb5 axb5 14. Rxa8 Qxa8 15. Qd3 Qb7 16. Re1 O-O 17. Ne2 Nxe4 18. Nd4 Nxf2 19. Qf1 Bxg2 20. Qxg2 Qxg2+ 21. Kxg2 Ng4 22. Nxb5 d5 23. Bf4 g5 24. Bc7 Ra8 25. Re2 Ra1 26. Bb6 Nf6 27. b3 Nd7 28. Bd4 Ra5 29. Nc3 Nb8 30. Bb6 Ra6 31. Nxd5 exd5 32. Rxe7 Rxb6 33. Re5 h6 34. Rxd5 Kf8 35. h4 gxh4 36. g4 Ke7 37. Kh3 Nd7 38. Rd4 Rc6 39. c4 Rb6 40. Rd3 Nc5 41. Re3+ Kf6 42. Rf3+ Kg6 43. Kxh4 Rxb3 44. Rf5 Ne6 0-1

[Event "8th RTU Open 2018"]
[Site "Riga"]
[Date "2018.08.11"]
[Round "8"]
[White "Krupenski, Juri"]
[Black "Haria, Ravi"]
[Result "1-0"]
[ECO "D31"]
[WhiteElo "2390"]
[BlackElo "2449"]
[Annotator "NA"]
[PlyCount "92"]
[EventDate "2018.08.06"]
[EventType "swiss"]
[EventCountry "LAT"]
[SourceTitle "playchess.com"]
[Source "ChessBase"]
[SourceQuality "1"]
[TimeControl "5400+30"]

1. d4 e6 2. c4 d5 3. Nc3 c6 4. Nf3 dxc4 5. a4 Bb4 6. e3 b5 7. Bd2 a5 8. axb5 Bxc3 9. Bxc3 cxb5 10. b3 Bb7 11. bxc4 b4 12. Bb2 Nf6 13. Bd3 O-O 14. O-O Nbd7 15. Qc2 Qc7 16. e4 e5 17. c5 exd4 18. Bxd4 Qf4 19. c6 Rac8 20. Bb5 b3 21. Qxb3 Bxc6 22. Bxc6 Rxc6 23. e5 Ng4 24. Qd5 Rg6 25. h3 Nh6 26. Be3 Nb6 27. Qb7 Qf5 28. Nh4 Qd7 29. Qxd7 Nxd7 30. Nxg6 hxg6 31. Bxh6 gxh6 32. Rxa5 Re8 33. f4 Kg7 34. Rfa1 g5 35. g3 gxf4 36. gxf4 Kg6 37. Ra8 Re6 38. R1a7 Nc5 39. Rg8+ Kf5 40. Rxf7+ Ke4 41. Rf6 Re7 42. Rg3 Ne6 43. Kf2 h5 44. Re3+ Kd4 45. Kf3 h4 46. Re1 Kd5 {Ke4+} 1-0

[Event "8th RTU Open 2018"]
[Site "Riga"]
[Date "2018.08.11"]
[Round "8"]
[White "Gorbatov, Alexej"]
[Black "Bluebaum, Karl Ernst"]
[Result "1-0"]
[ECO "C07"]
[WhiteElo "2389"]
[BlackElo "2253"]
[Annotator "NA"]
[PlyCount "97"]
[EventDate "2018.08.06"]
[EventType "swiss"]
[EventCountry "LAT"]
[SourceTitle "playchess.com"]
[Source "ChessBase"]
[SourceQuality "1"]
[TimeControl "5400+30"]

1. e4 e6 2. d4 d5 3. Nd2 c5 4. Ngf3 cxd4 5. exd5 Qxd5 6. Bc4 Qd7 7. O-O Nc6 8. Nb3 a6 9. Re1 Bb4 10. Bd2 Bxd2 11. Qxd2 Nf6 12. Qf4 b5 13. Bf1 O-O 14. Rad1 Ra7 15. Nbxd4 Nxd4 16. Rxd4 Qc7 17. Qd2 Bb7 18. Ne5 Raa8 19. c4 Rfd8 20. Rd1 Rxd4 21. Qxd4 bxc4 22. Bxc4 Bd5 23. b3 a5 24. h3 h6 25. Rd3 Rc8 26. Rg3 Nh5 27. Rc3 Nf6 28. Rc2 Qb8 29. Bd3 Rd8 30. Qe3 Qb7 31. f3 Rc8 32. Rc5 Ra8 33. Qc1 Qa7 34. Kh1 Rf8 35. Qc2 Qb8 36. Qc3 a4 37. bxa4 Bxa2 38. a5 Nd5 39. Qd4 f6 40. Nd7 Qg3 41. Nxf8 Nf4 42. Bf1 Kxf8 43. a6 e5 44. Qd7 Kg8 45. Rc8+ Kh7 46. Qf5+ Ng6 47. Bd3 Bf7 48. a7 e4 49. a8=Q 1-0